 Dungeon Crawl Stone Soup version 0.14.0-12-g87ee3b7 (webtiles) character file.

516 staplegun the Covert (level 6, -3/30 HPs)
             Began as a Spriggan Assassin on Apr 16, 2014.
             Slain by a yellow wasp (10 damage)
             ... on Level 9 of the Dungeon.
             The game lasted 00:05:30 (1327 turns).

staplegun the Covert (Spriggan Assassin)            Turns: 1327, Time: 00:05:30

HP  -3/30        AC  3     Str  7      XL: 6   Next: 66%
MP  12/12        EV 16     Int 14      God:
Gold 85          SH  0     Dex 18      Spells:  0 memorised,  5 levels left

rFire  . . .     SeeInvis +     m - +0 dagger (drain)
rCold  . . .     Clarity  .     c - +0 robe
rNeg   . . .     Conserve .     (shield restricted)
rPois  .         rCorr    .     (helmet restricted)
rElec  .         rRot     .     d - +0 cloak
SustAb . .       Spirit   .     (gloves unavailable)
rMut   .         Warding  .     (boots unavailable)
Saprov . . .     Stasis   .     (no amulet)
MR     +....                    (no ring)
                                (no ring)

@: slowed, drained, quick, somewhat resistant to hostile enchantments, extremely
stealthy
A: unfitting armour, see invisible, herbivore 3, speed 3, slow metabolism 2
a: no special abilities


You were on level 9 of the Dungeon.
You were not hungry.

You visited 1 branch of the dungeon, and saw 9 of its levels.

You collected 85 gold pieces.

Inventory:

Hand weapons
 a - a +2,+2 dagger
 b - a +0 blowgun
 m - a +0,+0 dagger of draining (weapon)
Missiles
 e - 8 poisoned needles
 f - 2 curare-tipped needles
Armour
 c - a +0 robe (worn)
 d - a +0 cloak (worn)
Comestibles
 l - a pear
Scrolls
 i - a scroll of fog {unknown}
 k - 2 scrolls of remove curse
 n - a scroll of teleportation
 o - a scroll of fear {unknown}
Jewellery
 h - an uncursed amulet of resist corrosion {unknown}
 p - an uncursed ring of fire {unknown}
Potions
 g - a potion of porridge


   Skills:
 - Level 1.5(1.2) Fighting
 + Level 2.3(2.0) Short Blades
 - Level 2.1(1.8) Throwing
 - Level 1.5(1.2) Dodging
 - Level 11.9(11.6) Stealth


You had 5 spell levels left.
You didn't know any spells.

Dungeon Overview and Level Annotations

Branches:
Dungeon (9/15)
 Temple: D:4-7          Orc: D:9-12        Lair: D:8-11

Altars:
The Shining One

Annotations:
D:8 Maurice


Innate Abilities, Weirdness & Mutations

You are tiny and cannot use many weapons and most armour.
You have supernaturally acute eyesight.
You are a herbivore.
You cover ground extremely quickly.
You need consume almost no food.


Message History

You barely miss the yellow wasp. The yellow wasp completely misses you.
The yellow wasp stings you.
* * * LOW HITPOINT WARNING * * *
You feel as though you will be slow longer.
Drink which item? (? for menu, Esc to quit)
You feel better. The yellow wasp barely misses you. The yellow wasp misses you.
You hit the yellow wasp but do no damage.
You drain the yellow wasp!
The yellow wasp is lightly wounded.
The yellow wasp closely misses you. The yellow wasp misses you.
You closely miss the yellow wasp.
The yellow wasp is lightly wounded.
The yellow wasp stings you.
* * * LOW HITPOINT WARNING * * *
You feel as though you will be slow longer.
The yellow wasp closely misses you.
You closely miss the yellow wasp.
The yellow wasp is lightly wounded.
The yellow wasp stings you!
You die...

#.# #.# #.# #####+##
#......# ### #......#
####'##### #......#
###........# #......#
#.y........# #......#
##@#........+
#......#
##..#.....##+#
#......####..##.....#
#......##...###.....#
#......'..### #.....#
#......#### #.....#
#......# #####..
######## ####


You could see a yellow wasp.

Vanquished Creatures
  Prince Ribbit (D:6)
  A scorpion (D:8)
  3 wights (D:9)
  A worker ant (D:8)
  An adder (D:9)
  A worm (D:3)
  An adder skeleton (D:6)
  A giant gecko (D:1)
  2 goblins (D:1)
  2 hobgoblins
  6 bats
  A giant cockroach (D:2)
  A giant eyeball (D:9)
  A kobold (D:6)
  2 orcs
  4 rats
29 creatures vanquished.

Vanquished Creatures (others)
  A fungus (D:9)
1 creature vanquished.

Grand Total: 30 creatures vanquished

Notes
Turn   | Place    | Note
--------------------------------------------------------------
     0 | D:1      | staplegun, the Spriggan Assassin, began the quest for the Orb.
     0 | D:1      | Reached XP level 1. HP: 10/10 MP: 2/2
    37 | D:1      | Reached skill level 6 in Stealth
   341 | D:3      | Reached XP level 2. HP: 14/14 MP: 4/4
   418 | D:5      | Entered Level 5 of the Dungeon
   428 | D:5      | Reached skill level 7 in Stealth
   544 | D:6      | Noticed a centaur
   614 | D:6      | Found a glowing golden altar of the Shining One.
   614 | D:6      | Noticed Prince Ribbit
   647 | D:6      | Killed Prince Ribbit
   647 | D:6      | Reached skill level 10 in Stealth
   647 | D:6      | Reached XP level 3. HP: 18/18 MP: 6/6
   647 | D:6      | Reached XP level 4. HP: 22/22 MP: 8/8
   647 | D:6      | Reached XP level 5. HP: 25/25 MP: 10/10
   959 | D:6      | Noticed an ogre
  1085 | D:8      | Reached skill level 11 in Stealth
  1085 | D:8      | Reached XP level 6. HP: 30/30 MP: 12/12
  1147 | D:8      | Noticed Maurice
  1147 | D:8      | Noticed a centaur
  1327 | D:9      | Slain by a yellow wasp

Action                   |  1- 3 |  4- 6 || total
-------------------------+-------+-------++-------
Melee: Dagger            |    18 |    50 ||    68
 Fire: Blowgun           |     6 |       ||     6
  Use: Potion            |       |     4 ||     4
       Scroll            |       |     2 ||     2
 Stab: Sleeping          |     5 |     7 ||    12
